 Dungeon Crawl Stone Soup version 0.28.0-53-g5a82cb258f (webtiles) character file.

Game seed: 11458057078017181767

2487 cbfl8 the Cleaver (level 9, -1/81 (117) HPs)
             Began as a Minotaur Berserker on July 13, 2022.
             Was a Believer of Trog.
             Slain by a wight
             ... wielding a +0 battleaxe
              (6 damage)
             ... on level 6 of the Dungeon.
             The game lasted 00:07:56 (6228 turns).

cbfl8 the Cleaver (Minotaur Berserker)              Turns: 6228, Time: 00:07:57

HP:   -1/81 (117)   AC:  9    Str: 23    XL:     9   Next: 27%
MP:   8/8           EV: 12    Int:  4    God:    Trog [**....]
Gold: 219           SH:  0    Dex: 13    Spells: 8/8 levels left

rFire   . . .      SeeInvis .   z - +4 dire flail (freeze)
rCold   + . .      Faith    .   (shield currently unavailable)
rNeg    . . .      Spirit   .   j - +0 scale mail
rPois   .          Reflect  .   (helmet restricted)
rElec   .          Harm     .   (no cloak)
rCorr   .          Rampage  .   p - +0 pair of gloves
Will    +....                   (no boots)
Stlth   ..........              (no amulet)
HPRegen 0.23/turn               k - ring of willpower
MPRegen 0.11/turn               a - ring of protection from cold

@: berserking, very heavily drained, very quick
A: horns 2, retaliatory headbutt
a: Renounce Religion, Berserk, Trog's Hand


You were on level 6 of the Dungeon.
You worshipped Trog.
Trog was pleased with you.
You visited 2 branches of the dungeon, and saw 7 of its levels.

You collected 219 gold pieces.

Inventory:

Hand Weapons
 x - a +1 hand axe of freezing
 z - a +4 dire flail of freezing (weapon)
Armour
 j - a +0 scale mail (worn)
 p - a +0 pair of gloves (worn)
Jewellery
 a - a ring of protection from cold (right hand)
 k - a ring of willpower (left hand)
Wands
 r - a wand of iceblast (13)
 t - a wand of digging (1)
Scrolls
 b - 3 scrolls of vulnerability {unknown}
 d - a scroll of enchant weapon {unknown}
 f - 6 scrolls of identify {unknown}
 h - 3 scrolls of amnesia {unknown}
 i - a scroll of magic mapping {unknown}
 m - 3 scrolls of teleportation {unknown}
 s - a scroll of torment {unknown}
 w - 3 scrolls of blinking {unknown}
 y - a scroll of immolation {unknown}
Potions
 c - 3 potions of degeneration {unknown}
 e - a potion of mutation {unknown}
 g - 2 potions of might {unknown}
 l - a potion of heal wounds {unknown}
 n - 2 potions of invisibility {unknown}
 o - a potion of lignification {unknown}
 q - 2 potions of curing
 u - a potion of berserk rage {unknown}
 v - a potion of haste {unknown}


   Skills:
 + Level 6.9 Fighting
 + Level 10.2 Axes
 + Level 0.4(6.3) Maces & Flails
 + Level 8.8 Armour
 + Level 4.7 Dodging
 + Level 1.7 Stealth


You had 8 spell levels left.
You didn't know any spells.
Your spell library was empty.

Dungeon Overview and Level Annotations

Branches:
Dungeon (6/15)             Temple (1/1) D:4

Altars:
Cheibriados
Dithmenos
Elyvilon
Fedhas
Gozag
Hepliaklqana
Kikubaaqudgha
Makhleb
Nemelex Xobeh
Sif Muna
Trog
Uskayaw
Wu Jian
Xom
Zin
The Shining One
Ignis

Shops:
D:1 :

Annotations:
D:6 Blork the orc


Innate Abilities, Weirdness & Mutations

You have a pair of horns on your head.
You reflexively headbutt those who attack you in melee.


Message History

The wight hits you with a +4 flail.
You feel drained.
You closely miss the wight. Your headbutt misses the wight.
The wight is lightly damaged.
The wight completely misses you.
Blork the orc comes into view.
He is wielding a +0 mace.
Blork the orc shouts!
The wight hits you with a +2 long sword.
You feel drained. The wight closely misses you. You furiously retaliate!
You headbutt the wight!
You destroy the wight!
Trog accepts your kill.
You barely miss the wight. The wight hits you with a +0 falchion!
You feel drained. The wight hits you with a +0 battleaxe!
* * * LOW HITPOINT WARNING * * *
You feel drained.
* * * LOW HITPOINT WARNING * * *
The wight hits you with a +2 long sword.
* * * LOW HITPOINT WARNING * * *
You feel drained.
* * * LOW HITPOINT WARNING * * *
You closely miss the wight. The wight barely misses you.
The wight hits you with a +0 battleaxe!
* * * LOW HITPOINT WARNING * * *
Unknown command.
You are too berserk!
You hit the wight. You headbutt the wight!
You feel the power of Trog in you as your rage grows.
You destroy the wight!
Trog accepts your kill.
The wight hits you with a +2 long sword.
* * * LOW HITPOINT WARNING * * *
You feel drained.
You are too berserk!
You completely miss the wight. You headbutt the wight.
The wight is moderately damaged.
The wight hits you but does no damage. The wight barely misses you.
You puncture the wight!
The wight is almost destroyed.
The wight hits you with a +0 battleaxe.
You die...

.....## ##..
......#######...........
........................
........................
.............##.........
..#.........## #........
.####.......# #........
# ###....#####o.......
###.......@z......
##.....)z).......
#...#######...... ##..##
##.... #..## .#. ##.## #
###.## #..## ###.#


You could see Blork the orc and 2 wights.

Vanquished Creatures
  A troll (D:5)
  Sigmund (D:4)
  2 yaks (D:5)
  Edmund (D:5)
  Duvessa (D:5)
  A black bear (D:5)
  A necrophage (D:5)
  5 ogres
  A phantom (D:5)
  A scorpion (D:4)
  Dowan (D:5)
  8 wights (D:6)
  4 orc priests
  A jelly (D:6)
  2 bullfrog skeletons (D:5)
  3 iguanas
  3 orc wizards
  A gnoll (D:1)
  6 adders
  An ufetubus (D:6)
  2 worms
  7 dart slugs
  10 orcs
  6 ball pythons
  5 endoplasms
  3 goblins
  4 hobgoblins
  6 jackals
  4 kobolds
  2 quokkas
  4 bats
  6 frilled lizards
  6 rats
110 creatures vanquished.

Vanquished Creatures (others)
  4 plants (D:1)
4 creatures vanquished.

Grand Total: 114 creatures vanquished

Notes
Turn   | Place    | Note
-------+----------+-------------------------------------------
     0 | D:1      | cbfl8 the Minotaur Berserker began the quest for the Orb.
     0 | D:1      | Reached XP level 1. HP: 19/19 MP: 0/0
   165 | D:1      | Reached skill level 4 in Axes
   172 | D:1      | Found Pasurr's Book Boutique.
   190 | D:1      | Reached XP level 2. HP: 26/27 MP: 1/1
   570 | D:1      | Reached XP level 3. HP: 33/33 MP: 2/2
  1087 | D:2      | Reached ** piety under Trog
  1170 | D:2      | Reached skill level 5 in Axes
  1241 | D:2      | Reached XP level 4. HP: 40/40 MP: 3/3
  1263 | D:2      | Found a faded altar of an unknown god.
  2068 | D:3      | Reached XP level 5. HP: 46/46 MP: 4/4
  2368 | D:3      | Found a hide-covered altar of Uskayaw.
  2377 | D:3      | Found a blossoming altar of Fedhas.
  2611 | D:4      | Noticed an ogre
  2615 | D:4      | Killed an ogre
  2616 | D:4      | Reached skill level 6 in Axes
  2702 | D:4      | Reached XP level 6. HP: 53/53 MP: 5/5
  2774 | D:4      | Found a staircase to the Ecumenical Temple.
  2798 | D:4      | Noticed Sigmund
  2808 | Temple   | Entered the Ecumenical Temple
  2983 | D:4      | Killed Sigmund
  2984 | D:4      | Reached skill level 7 in Axes
  2984 | D:4      | Reached skill level 1 in Stealth
  3377 | D:4      | Found a bloodstained altar of Trog.
  3489 | D:4      | Reached skill level 5 in Fighting
  3489 | D:4      | Reached XP level 7. HP: 57/61 MP: 6/6
  3711 | D:5      | Entered Level 5 of the Dungeon
  3726 | D:5      | Noticed Duvessa
  3726 | D:5      | Noticed Dowan
  3736 | D:5      | Killed Duvessa
  3737 | D:5      | Reached skill level 5 in Armour
  3742 | D:5      | Killed Dowan
  3873 | D:5      | Reached skill level 8 in Axes
  4097 | D:5      | Found a shimmering blue altar of Sif Muna.
  4115 | D:5      | Reached XP level 8. HP: 44/69 MP: 7/7
  4119 | D:5      | Reached *** piety under Trog
  4482 | D:5      | Noticed Edmund
  4496 | D:5      | Killed Edmund
  4600 | D:5      | Noticed a troll
  4613 | D:5      | Killed a troll
  4614 | D:5      | Reached skill level 9 in Axes
  5421 | D:5      | Reached XP level 9. HP: 30/78 MP: 8/8
  6033 | D:6      | Reached skill level 10 in Axes
  6223 | D:6      | Noticed Blork the orc
  6228 | D:6      | Slain by a wight

Illustrated notes

Levels and vault maps discovered:
D:1:      matt_arrival_los_fun, layout_loops_ring, serial_shops, shop,
          roderic_roman_lattice, nicolae_grassy_gnolls
D:2:      layout_basic, chequers_ecumenical_altar_simple
D:3:      layout_loops_ring, mainiacjoe_overflow_swirl
D:4:      layout_basic, general_overflow_altar, minmay_temple_entry_junction_2,
          uniq_sigmund
D:5:      layout_loops_corners, overflow_temple_1_default,
          grunt_decor_arrowhead, uniq_edmund, uniq_duvessa
D:6:      layout_layer_cave, uniq_blork_the_orc
Temple:   ebering_untended_altars

Skill      XL: |  1  2  3  4  5  6  7  8  9 |
---------------+----------------------------+-----
Axes           | 4 5 6 7 8 9 10 | 10.2
Fighting       | 4 5 6 |  6.9
Armour         | 3 4 6 8 |  8.8
Dodging        | 3 4 |  4.7
Stealth        | 1 |  1.7
Maces & Flails | |  0.4

Action                   |  1- 3 |  4- 6 |  7- 9 || total
-------------------------+-------+-------+-------++-------
Melee: Hand axe          |    59 |    66 |   146 ||   271
       Headbutt          |     7 |    14 |    29 ||    50
       Punch             |       |     1 |     3 ||     4
       Dire flail        |       |       |    18 ||    18
Invok: Berserk           |       |     1 |     6 ||     7
       Trog's Hand       |       |       |     2 ||     2
  Use: Potion            |       |       |     1 ||     1
 Stab: Distracted        |     1 |       |       ||     1
Armor: Animal skin       |     5 |       |       ||     5
       Ring mail         |    11 |       |       ||    11
       Scale mail        |       |    16 |    51 ||    67
Dodge: Dodged            |    40 |    28 |    67 ||   135
